 Dungeon Crawl Stone Soup version 0.17-a0-1011-gfa70bdd (webtiles) character file.

3346 oplop the Frost Mage (level 9, 0/79 HPs)
             Began as a Grey Draconian Ice Elementalist on May 13, 2015.
             Killed from afar by a wight (14 damage)
             ... with a wand of lightning
             ... on level 7 of the Dungeon.
             The game lasted 00:15:41 (6398 turns).

oplop the Frost Mage (DrIE)                         Turns: 6398, Time: 00:15:41

Health: 0/79       AC: 14    Str: 11    XL:     9   Next: 72%
Magic:  24/29      EV: 12    Int: 19    God:
Gold:   262        SH:  0    Dex: 11    Spells: 4 memorised, 11 levels left

rFire  . . .     SeeInvis .     w - +1 dire flail (crush)
rCold  + . .     Clarity  +     (armour unavailable)
rNeg   . . .     SustAb   .     (no shield)
rPois  .         Gourm    .     n - +2 hat
rElec  .         Spirit   .     (no cloak)
rCorr  .         Warding  .     (no gloves)
rMut   .         Stasis   .     (no boots)
MR     .....                    A - amulet of clarity
Stlth  +.........               t - ring of magical power
                                z - ring of protection from cold

@: drained, not resistant to hostile enchantments, very unstealthy
A: walk through water, unfitting armour, unbreathing, cold-blooded, AC +12
a: no special abilities


You were on level 7 of the Dungeon.
You were not hungry.

You visited 2 branches of the dungeon, and saw 8 of its levels.
You also visited: Bailey.

You collected 262 gold pieces.

Inventory:

Hand weapons
 l - a +0 halberd
 w - a +1 dire flail of crushing (weapon)
 y - a +0 dagger of venom
Armour
 n - a +2 hat (worn)
Jewellery
 e - an uncursed amulet of rage
 p - an uncursed amulet of regeneration
 t - a ring of magical power (right hand)
 z - a ring of protection from cold (left hand)
 A - an amulet of clarity (around neck)
Scrolls
 c - a scroll of immolation
 d - a scroll of enchant weapon
 f - 2 scrolls of teleportation
 g - a scroll of identify
 h - 3 scrolls of remove curse
 j - 2 scrolls of recharging
 v - 2 scrolls of blinking
 x - 4 scrolls of magic mapping
Potions
 k - 2 potions of resistance
 m - a potion of curing
 o - 7 potions of flight
 q - a potion of haste
 s - a potion of berserk rage
 u - a potion of agility
Books
 a - a book of Frost

   Spells                             Type                      Level
   a - Freeze                         Ice                          1
   b - Throw Frost                    Conjuration/Ice              2
   c - Ozocubu's Armour               Charms/Ice                   3
   d - Throw Icicle                   Conjuration/Ice              4
   e - Summon Ice Beast               Ice/Summoning                4
   f - Condensation Shield            Ice                          4
 r - a book of the Earth

   Spells                             Type                      Level
   a - Leda's Liquefaction            Hexes/Earth                  4
   b - Bolt of Magma                  Conjuration/Fire/Earth       5
   c - Statue Form                    Transmutation/Earth          6
   d - Iron Shot                      Conjuration/Earth            6
   e - Shatter                        Earth                        9
Comestibles
 b - 3 bread rations
 i - 5 meat rations


   Skills:
 - Level 7.0(6.6) Fighting
 + Level 4.4(3.9) Maces & Flails
 - Level 1.7(1.3) Dodging
 - Level 1.7(1.3) Stealth
 + Level 7.5(7.0) Spellcasting
   Level 1.0(0.5) Conjurations
 + Level 8.6(8.1) Ice Magic


You had 11 spell levels left.
You knew the following spells:

 Your Spells              Type           Power        Failure   Level  Hunger
a - Freeze                Ice            ####         1%          1    None
b - Ozocubu's Armour      Chrm/Ice       ###.....     8%          3    #......
c - Summon Ice Beast      Ice/Summ       ###.....     21%         4    ###....
d - Condensation Shield   Ice            #####.....   4%          4    ###....


Dungeon Overview and Level Annotations

Branches:
Dungeon (7/15)             Temple (1/1) D:4

Altars:
Dithmenos
Gozag
Okawaru
Qazlal
Ru
Sif Muna
Trog
Vehumet
Xom
Zin
The Shining One

Shops:
D:5 [   D:7 =**


Innate Abilities, Weirdness & Mutations

You can walk through water.
Your dull iron-grey scales are very hard (AC +12).
Your body does not fit into most forms of armour.
You can survive without breathing.
You are cold-blooded and may be slowed by cold attacks.


Message History

The wight misses you.
A wight comes into view. It is wielding a scimitar of freezing.
You hit the wight.
You destroy the wight!
The wight zaps a wand.
The bolt of lightning hits you!
It is a wand of lightning.
Things that are here:
an enchanted short sword; a robe; 14 gold pieces The wight zaps a wand.
The bolt of lightning hits you!
* * * LOW HITPOINT WARNING * * *
You are too injured to fight recklessly!
You are too injured to fight recklessly!
Drink which item? (? for menu, Esc to quit)
You feel better.
The wight zaps a wand.
The bolt of lightning hits you!
* * * LOW HITPOINT WARNING * * *
The wight zaps a wand.
The bolt of lightning misses you.
Things that are here:
an enchanted dire flail; a robe The wight zaps a wand.
The bolt of lightning hits you!
You die...

**,,,** *,* #.#
####### **,**
*******,* #.# *,*
*,,,,,,,* #.#########
*,* *,*******
#.........# *,* *,*
#########.# *,* *,*
#.# *,**###.######
#.. *,,,,........#
#.#
***####.####@#####
#.#
*...z....).>...######
#.#
*,###....)?.........#
##.# *,*
###....###.####.#
#... *,* #.#### #.#
#.# #... *,* #.* #ยง#
#.# #... *,* #.*
#.####.#####.. *,*
#.* #...))...# #..
*,*
*#.*****######.#.#
#..


You could see a wight.

Vanquished Creatures
  Pikel (D:3)
  Sigmund (D:2)
  The ghost of Fluffy the Chopper, an average HOGl (D:4)
  The ghost of Fluffy the Chopper, an average HOFi of Okawaru (D:3)
  Edmund (D:4)
  Duvessa (D:4)
  An orc warrior (D:6)
  An ice beast (D:6)
  A slave (D:4)
  A black bear (D:6)
  An ogre (D:7)
  A phantom (D:7)
  A sky beast (D:6)
  A centaur (D:6)
  4 giant frogs
  Dowan (D:4)
  5 killer bees (D:7)
  3 scorpions
  3 wights (D:7)
  4 crimson imps
  2 hounds (D:6)
  2 orc wizards (D:5)
  A centaur skeleton (D:4)
  An iguana (D:6)
  2 worker ants
  A hound zombie (D:4)
  6 adders
  9 gnolls
  2 adder skeletons
  2 worms (D:3)
  7 orcs
  9 bats
  A bat skeleton (D:4)
  2 giant cockroaches
  7 hobgoblins
  13 jackals
  8 kobolds
  2 quokkas
  5 giant geckos
  2 giant gecko skeletons
  6 giant newts
  19 goblins
  A jackal skeleton (D:5)
  9 rats
153 creatures vanquished.

Vanquished Creatures (collateral kills)
  An ogre (D:7)
  A centaur (D:7)
  2 giant frogs
  A killer bee (D:7)
  A scorpion (D:6)
6 creatures vanquished.

Vanquished Creatures (others)
  A slave (D:4)
  4 ice beasts
  An iguana (D:6)
  A gnoll (D:4)
  2 orcs (D:6)
  A kobold (D:6)
  A bat (D:6)
  A rat (D:6)
  4 toadstools (D:1)
16 creatures vanquished.

Grand Total: 175 creatures vanquished

Notes
Turn   | Place    | Note
--------------------------------------------------------------
     0 | D:1      | oplop the Draconian Ice Elementalist began the quest for the Orb.
     0 | D:1      | Reached XP level 1. HP: 14/14 MP: 3/3
   167 | D:1      | Reached skill level 1 in Fighting
   175 | D:1      | Reached XP level 2. HP: 4/23 MP: 0/5
   188 | D:1      | HP: 1/23 [giant gecko (4)]
   890 | D:2      | Reached XP level 3. HP: 28/28 MP: 4/6
   909 | D:2      | Noticed Sigmund
  1055 | D:1      | Learned a level 3 spell: Ozocubu's Armour
  1208 | D:2      | Killed Sigmund
  1208 | D:2      | Reached skill level 4 in Ice Magic
  1208 | D:2      | Reached XP level 4. HP: 11/38 MP: 0/9
  1208 | D:2      | Reached XP level 5. HP: 13/45 MP: 0/10
  1669 | D:3      | Noticed Fluffy's ghost (average HOFi)
  2172 | D:4      | Found a staircase to the Ecumenical Temple.
  2287 | D:4      | Reached XP level 6. HP: 33/52 MP: 8/11
  2388 | D:4      | Noticed Edmund
  2408 | D:4      | Killed Edmund
  2479 | D:4      | Learned a level 4 spell: Condensation Shield
  2493 | D:4      | Noticed Fluffy's ghost (average HOGl)
  2506 | D:4      | Noticed a slave
  2510 | D:4      | Noticed a slave
  2511 | D:4      | Noticed Pikel
  2514 | D:4      | Noticed a slave
  2550 | D:4      | Noticed a slave
  2565 | D:4      | Killed a slave
  2760 | D:3      | Killed Fluffy's ghost
  2760 | D:3      | Reached skill level 5 in Ice Magic
  2760 | D:3      | Your scales start taking on a dull iron-grey colour.
  2760 | D:3      | Gained mutation: You can survive without breathing. [Grey Draconian growth]
  2760 | D:3      | Reached XP level 7. HP: 9/60 MP: 9/13
  2880 | D:3      | Killed Pikel
  2880 | D:3      | Reached skill level 5 in Fighting
  2880 | D:3      | Reached skill level 5 in Spellcasting
  2880 | D:3      | Reached skill level 6 in Ice Magic
  2880 | D:3      | Reached XP level 8. HP: 42/70 MP: 2/15
  3063 | D:4      | Noticed Duvessa
  3063 | D:4      | Noticed Dowan
  3093 | D:4      | Killed Duvessa
  3099 | D:4      | Killed Dowan
  3193 | D:4      | Killed a freed slave
  3267 | D:4      | Killed Fluffy's ghost
  3276 | D:4      | Found a sacrificial altar of Ru.
  3815 | Temple   | Entered the Ecumenical Temple
  4009 | D:5      | Entered Level 5 of the Dungeon
  4187 | D:5      | Found Raaridys's Antique Armour Shoppe.
  4392 | D:5      | Reached skill level 7 in Ice Magic
  4600 | D:6      | Found an iron altar of Okawaru.
  4858 | D:6      | Learned a level 4 spell: Summon Ice Beast
  4886 | D:6      | Reached skill level 1 in Maces & Flails
  4900 | D:6      | Reached XP level 9. HP: 59/79 MP: 9/18
  4915 | D:6      | Found a shimmering altar of Xom.
  5548 | D:7      | Found a flagged portal.
  5577 | Bailey   | Entered a bailey
  5584 | Bailey   | Noticed an orc knight
  5592 | Bailey   | Noticed Raurakos's ghost (experienced VSMo)
  5800 | D:7      | Reached skill level 8 in Ice Magic
  5880 | D:7      | Found Zeic's General Store.
  6103 | D:7      | Found Juplar's General Store.
  6302 | D:7      | Found Fokhis's Jewellery Emporium.
  6398 | D:7      | Killed from afar by a wight

Vault maps used:
D:1:      ldierk_water_garden
D:2:      uniq_sigmund
D:4:      minmay_temple_entry_junction2, first_bread,
          nicolae_ru_great_annihilating_truth, uniq_edmund, uniq_pikel,
          uniq_duvessa
D:5:      serial_shops, kennysheep_mini
D:6:      basic_altar, xom_confusion_cloud
D:7:      enter_bailey_3, serial_shops, shop, kennysheep_little_box, shop,
          nicolae_shop_window_shopping
Temple:   minmay_temple_curvy_8
Bailey:   bailey_axe_4, bailey

Action                   |  1- 3 |  4- 6 |  7- 9 || total
-------------------------+-------+-------+-------++-------
Melee: Unarmed           |    57 |    71 |       ||   128
       Dire flail        |       |    66 |   340 ||   406
       Dagger            |       |       |     3 ||     3
 Cast: Freeze            |    33 |    55 |    52 ||   140
       Ozocubu's Armour  |       |     5 |    10 ||    15
       Condensation Shie |       |     1 |    10 ||    11
       Summon Ice Beast  |       |       |     6 ||     6
  Use: Potion            |     2 |       |     1 ||     3
       Scroll            |       |       |    14 ||    14
 Stab: Sleeping          |     1 |     1 |       ||     2
       Paralysed         |       |       |     1 ||     1
  Eat: Royal jelly       |     1 |       |     1 ||     2
       Chunk             |       |     6 |    12 ||    18
       Pizza             |       |       |     1 ||     1
       Beef jerky        |       |       |     1 ||     1
